 Dungeon Crawl Stone Soup version 0.26.1-10-gdfb7c7de75 (webtiles) character file.

Game seed: 18044222415169452615

51240 MalarOregon the Covert (level 15, -7/101 HPs)
             Began as a Halfling Fire Elementalist on Apr 3, 2021.
             Was a High Priest of Dithmenos.
             Mangled by an entropy weaver (16 damage)
             ... on level 6 of the Lair of Beasts.
             The game lasted 01:39:23 (38074 turns).

MalarOregon the Covert (HaFE)                      Turns: 38074, Time: 01:39:24

Health: -7/101     AC:  0    Str: 20    XL:     15   Next: 1%
Magic:  9/26       EV: 22    Int: 13    God:    Dithmenos [*****.]
Gold:   904        SH:  7    Dex: 17    Spells: 8/29 levels left

rFire    . . .     SeeInvis .   n - +7 falchion (venom)
rCold    . . .     Faith    .   b - +0 buckler
rNeg     . . .     Spirit   .   y - +2 ring mail {rPois}
rPois    +         Reflect  .   C - +2 hat
rElec    .         Harm     .   f - scarf {repulsion}
rCorr    +         Rampage  .   L - +2 pair of gloves
Will     +....                  c - +1 pair of boots
Stlth    +++++++...             P - amulet of magic regeneration
HPRegen  0.26/turn              w - ring of resist corrosion
MPRegen  0.45/turn              j - +6 ring of strength

@: lethally poisoned (-7 -> -11), marked, corroded, berserk cooldown, slowed,
wreathed by umbra, repel missiles, very slow
A: small, mutation resistance 1
a: Renounce Religion, Shadow Step, Shadow Form


You were on level 6 of the Lair of Beasts.
You worshipped Dithmenos.
Dithmenos was extremely pleased with you.
You visited 3 branches of the dungeon, and saw 17 of its levels.

You collected 1113 gold pieces.
You spent 209 gold pieces at shops.

Inventory:

Hand Weapons
 n - a +7 falchion of venom (weapon)
   (You took it off a wight on level 6 of the Dungeon)
Missiles
 o - 2 throwing nets {!f}
 r - 7 poisoned darts
 u - 2 atropa-tipped darts
Armour
 b - a +0 buckler (worn)
   (You found it on level 1 of the Dungeon)
 c - a +1 pair of boots (worn)
   (You found it on level 1 of the Dungeon)
 f - a scarf of repulsion (worn)
   (You found it on level 1 of the Dungeon)
 y - a +2 ring mail of poison resistance (worn)
   (You found it on level 6 of the Dungeon)
 C - a +2 hat (worn)
   (You found it on level 8 of the Dungeon)
 J - a +2 buckler
   (You found it on level 6 of the Lair of Beasts)
 L - a +2 pair of gloves (worn)
   (You found it on level 1 of the Lair of Beasts)
Jewellery
 j - a +6 ring of strength (right hand)
   (You found it on level 2 of the Dungeon)
 w - a ring of resist corrosion (left hand)
   (You found it on level 5 of the Dungeon)
 E - the ring "Qairuuk" {+Fly Str+4}
   (You found it on level 9 of the Dungeon)

   [ring of flight]

   It affects your strength (+4).
   It lets you fly.
 P - an amulet of magic regeneration (around neck)
   (You found it on level 2 of the Lair of Beasts)
Wands
 d - a wand of iceblast (22)
   (You found it on level 10 of the Dungeon)
 e - a wand of disintegration (1)
   (You found it on level 3 of the Dungeon)
 t - a wand of flame (54)
   (You bought it in a shop on level 6 of the Dungeon)
 v - a wand of digging (2)
   (You found it on level 2 of the Lair of Beasts)
 x - a wand of acid (43)
   (You found it on level 10 of the Dungeon)
 z - a wand of enslavement (11)
   (You found it on level 5 of the Lair of Beasts)
 G - a wand of polymorph (14)
   (You found it on level 10 of the Dungeon)
Scrolls
 k - 6 scrolls of teleportation {@r4}
 l - 3 scrolls of fog
 A - a scroll of summoning
 B - a scroll of magic mapping
 M - 3 scrolls of identify {@r1}
 O - 2 scrolls of remove curse {@r2}
Potions
 a - 5 potions of curing {@q1}
 g - a potion of haste {@q3}
 h - 2 potions of berserk rage
 i - 2 potions of cancellation
 m - 4 potions of brilliance
 p - 3 potions of heal wounds {@q2}
 q - a potion of might
 s - a potion of invisibility
 D - 4 potions of lignification {!q}
 F - a potion of mutation {!q}
 H - a potion of ambrosia
 I - a potion of flight
 K - 2 potions of resistance
Miscellaneous
 N - a box of beasts
   (You found it on level 1 of the Lair of Beasts)


   Skills:
 + Level 9.1 Fighting
 - Level 7.0 Armour
 + Level 11.1 Dodging
 + Level 11.9 Stealth
 - Level 5.6 Shields
 + Level 7.8 Spellcasting
 - Level 0.7 Conjurations
 + Level 10.5 Fire Magic
 + Level 9.2 Poison Magic


You had 8 spell levels left.
You knew the following spells:

 Your Spells              Type           Power        Failure   Level
a - Foxfire               Conj/Fire      76%          2%          1
b - Inner Flame           Hex/Fire       18%          8%          3
c - Ignite Poison         Fire/Tmut/Pois 22%          4%          3
d - Summon Small Mammal   Summ           20%          22%         1
f - Mephitic Cloud        Conj/Pois/Air  13%          17%         3
q - Sticky Flame          Conj/Fire      19%          22%         4
x - Poisonous Vapours     Pois/Air       34%          4%          2
y - Olgreb's Toxic Radia  Pois           29%          4%          4

Your spell library contained the following spells:

 Spells                   Type           Power        Failure   Level
 Sting                    Tmut/Pois      68%          3%          1
 Conjure Flame            Conj/Fire      19%          6%          3
 Call Imp                 Summ           5%           32%         2
 Fireball                 Conj/Fire      9%           52%         5
 Call Canine Familiar     Summ           5%           54%         3
 Confusing Touch          Hex            5%           54%         3
 Gell's Gravitas          Tloc           2%           54%         3
 Summon Guardian Golem    Hex/Summ       5%           54%         3
 Petrify                  Tmut/Erth      5%           91%         4
 Summon Ice Beast         Ice/Summ       5%           91%         4
 Summon Lightning Spire   Summ/Air       5%           91%         4
 Metabolic Englaciation   Hex/Ice        2%           99%         5
 Yara's Violent Unravell  Hex/Tmut       2%           99%         5


Dungeon Overview and Level Annotations

Branches:
Dungeon (10/15)            Temple (1/1) D:6            Lair (6/6) D:9
 Shoals (0/4) Lair:4        Snake (0/4) Lair:2        Slime (0/5) Lair:6
    Orc: D:9-12

Altars:
Ashenzari
Cheibriados
Dithmenos
Elyvilon
Fedhas
Gozag
Hepliaklqana
Kikubaaqudgha
Makhleb
Nemelex Xobeh
Okawaru
Qazlal
Ru
Sif Muna
Trog
Uskayaw
Vehumet
Wu Jian
Xom
Yredelemnul
Zin
The Shining One

Shops:
D:6 *   D:7 =

Annotations:
D:4 3 runed translucent doors, Jaiteiro's ghost, amateur OpTm
D:9 2 transporters, Ladykiller69's ghost, journeyman HOGl
D:10 exclusion: vampire


Innate Abilities, Weirdness & Mutations

You are small and have problems with some larger weapons.
You are somewhat resistant to further mutation.


Message History

* * * LOW HITPOINT WARNING * * *
You hit the entropy weaver but do no damage.
The entropy weaver looks as sick as possible!
Your shadow hits the entropy weaver but does no damage.
You kill the entropy weaver!
Dithmenos accepts your kill. The entropy weaver hits you!
* * * LOW HITPOINT WARNING * * *
The entropy weaver hits you.
* * * LOW HITPOINT WARNING * * *
The entropy weaver hits you!
* * * LOW HITPOINT WARNING * * *
The entropy weaver barely misses you. The soldier ant stings you.
* * * LOW HITPOINT WARNING * * *
You have reached level 15!
Your experience leads to an increase in your attributes!
Your base attributes are Str 13, Int 13, Dex 16.
Increase (S)trength, (I)ntelligence, or (D)exterity?
You feel stronger.
You feel agile.
Unknown command.
You are too berserk!
You are too berserk!
Unknown command.
Unknown command.
Okay, then.
You feel sick. The entropy weaver misses you. x2
You block the entropy weaver's attack. The entropy weaver hits you!
* * * LOW HITPOINT WARNING * * *
The soldier ant closely misses you.
You riposte.
You slash the soldier ant!
The soldier ant is poisoned.
Found a leather armour.
Things that are here:
an entropy weaver corpse; a queen ant corpse Unknown command.
You feel a strong urge to attack something.
You feel sick.
Unknown command.
You are no longer berserk.
You are exhausted.
You feel yourself slow down.
The entropy weaver looks more healthy.
Found a worker ant corpse.
You see here a worker ant corpse.
Unknown command.
You feel much better.
You feel sick. The entropy weaver hits you!
* * * LOW HITPOINT WARNING * * *
The entropy weaver hits you.
* * * LOW HITPOINT WARNING * * *
The entropy weaver hits you!
You die...

***** ***** **,..***...#*
####*,,,.,*,...,*
##..#**,,.###..,**
##..###.,*..#..*,,***
#..##...*##.†.##*,,,**
###..#[..†,*†...†#,,,,,*
#....##..†###...#*#..,** ### #
##..P..#*#..#B@#B,#..#** #.###
#......####..B##*.^.## ###..#.
##.......#?††..#,...)####......
####....##.††###...##.##......
##.....P###..#..#**#.........
##....P....##...#####.........
#.....#.....#'''#...#.........
##......................<.....
#.#...........................


You could see an entropy weaver and a soldier ant (very poisoned).

Vanquished Creatures
  An entropy weaver (Lair:6)
  A boulder beetle (Lair:5)
  5 hydras
  A catoblepas (Lair:6)
  An anaconda (Lair:6)
  A queen ant (Lair:6)
  A two-headed ogre (D:9)
  Urug (Lair:5)
  10 death yaks
  An unseen horror (D:10)
  Pikel (D:6)
  A cyclops (D:5)
  A manticore (Lair:4)
  2 oklob plants
  9 elephants
  3 black mambas
  5 cane toads
  5 komodo dragons
  A troll (D:6)
  12 polar bears
  A wind drake (Lair:3)
  A slime creature (D:6)
  5 blink frogs (Lair:2)
  A raiju (Lair:6)
  3 wyverns
  A wraith (D:10)
  62 yaks
  4 basilisks
  A vampire mosquito (D:7)
  15 soldier ants (Lair:6)
  4 wargs (Lair:6)
  2 nagas (Lair:2)
  17 water moccasins
  15 hell hounds (Lair:6)
  13 black bears
  3 orc warriors
  A sky beast (D:10)
  A hornet zombie (D:8)
  A phantom (D:7)
  2 ogres
  2 ice beasts
  27 wolves
  2 centaurs
  2 lemures (D:6)
  A big kobold (D:7)
  13 bullfrogs
  A wyvern zombie (D:7)
  2 scorpions
  10 killer bees (D:7)
  12 wights
  A howler monkey (D:5)
  3 bullfrog zombies
  A jelly (D:5)
  11 orc wizards
  A centaur skeleton (D:10)
  4 orc priests
  3 hounds
  A bullfrog skeleton (D:8)
  6 hell rats
  2 iguanas
  24 worker ants
  A hound zombie (D:5)
  A hound skeleton (D:7)
  2 worker ant zombies
  11 adders
  7 gnolls
  A howler monkey skeleton (D:5)
  A shadow imp (D:5)
  A white imp (D:6)
  7 ufetubi
  2 adder skeletons
  2 worms
  6 dart slugs
  7 leopard geckos
  45 orcs
  6 bats
  4 giant cockroaches
  6 hobgoblins
  12 jackals
  14 kobolds
  A quokka (D:4)
  2 ball pythons
  2 frilled lizards (D:4)
  11 goblins
  A jackal skeleton (D:4)
  A jackal zombie (D:7)
  A leopard gecko skeleton (D:5)
  A quokka skeleton (D:5)
  A quokka zombie (D:8)
  5 rats
507 creatures vanquished.

Vanquished Creatures (collateral kills)
  A wolf (Lair:6)
  3 foxfires (Lair:2)
4 creatures vanquished.

Vanquished Creatures (others)
  A hell hound (Lair:6)
  277 foxfires
  35 fungi
  37 plants
350 creatures vanquished.

Grand Total: 861 creatures vanquished

Notes
Turn   | Place    | Note
-------+----------+-------------------------------------------
     0 | D:1      | MalarOregon the Halfling Fire Elementalist began the quest
                  | for the Orb.
     0 | D:1      | Reached XP level 1. HP: 11/11 MP: 3/3
   641 | D:1      | Reached XP level 2. HP: 6/17 MP: 0/4
  1121 | D:1      | Reached XP level 3. HP: 15/22 MP: 3/5
  1542 | D:2      | Found an opulent altar of Gozag.
  1711 | D:2      | Found a radiant altar of Vehumet.
  2713 | D:2      | Reached skill level 1 in Armour
  2713 | D:2      | Reached XP level 4. HP: 25/27 MP: 2/6
  2717 | D:2      | Reached skill level 1 in Shields
  3331 | D:3      | Reached skill level 1 in Fighting
  4647 | D:2      | Reached XP level 5. HP: 32/33 MP: 8/8
  4695 | D:2      | Found a radiant altar of Vehumet.
  4748 | D:2      | Found an opulent altar of Gozag.
  5049 | D:4      | Reached XP level 6. HP: 8/38 MP: 9/9
  5497 | D:4      | Found a white marble altar of Elyvilon.
  5789 | D:4      | Found a shimmering blue altar of Sif Muna.
  6012 | D:4      | Reached XP level 7. HP: 30/44 MP: 2/10
  6187 | D:4      | Found a runed translucent gate.
  6190 | D:4      | Found a runed translucent gate.
  6191 | D:4      | Found a runed translucent gate.
  6194 | D:4      | Noticed Jaiteiro's ghost (amateur OpTm)
  6385 | D:4      | Found a snail-covered altar of Cheibriados.
  6621 | D:5      | Entered Level 5 of the Dungeon
  8642 | D:5      | Reached XP level 8. HP: 50/51 MP: 12/12
  8882 | D:6      | Noticed Pikel
  9390 | D:6      | Found a staircase to the Ecumenical Temple.
  9469 | Temple   | Entered the Ecumenical Temple
  9712 | Temple   | Became a worshipper of Dithmenos the Shadowed
 10133 | D:5      | HP: 2/46 [orc priest/+4 mace of protection (3)]
 11680 | D:6      | Noticed a cyclops
 11721 | D:5      | Killed a cyclops
 11722 | D:5      | Reached skill level 5 in Stealth
 11722 | D:5      | Reached XP level 9. HP: 24/57 MP: 11/13
 11900 | D:5      | Learned a level 3 spell: Inner Flame
 11903 | D:5      | Learned a level 2 spell: Poisonous Vapours
 11907 | D:5      | Learned a level 3 spell: Ignite Poison
 11911 | D:5      | Learned a level 3 spell: Mephitic Cloud
 11948 | D:6      | Noticed a slime creature
 11972 | D:6      | Killed a slime creature
 11973 | D:6      | Reached skill level 5 in Dodging
 11973 | D:6      | Reached skill level 5 in Fire Magic
 12236 | D:6      | Reached skill level 1 in Poison Magic
 12388 | D:6      | Found Voreggi's Assorted Antiques.
 12395 | D:6      | Bought a scroll labelled EMONAUGOQA for 19 gold pieces
 12395 | D:6      | Bought an iron wand for 76 gold pieces
 12395 | D:6      | Bought a potion of heal wounds for 95 gold pieces
 12395 | D:6      | Bought a scroll labelled NEACEH VESTI for 19 gold pieces
 12994 | D:6      | Found a staircase to the Ecumenical Temple.
 13224 | D:6      | Killed Pikel
 13431 | D:6      | Found Voreggi's Assorted Antiques.
 14206 | D:7      | Reached skill level 5 in Armour
 14272 | D:7      | Found Fiumog's Jewellery Boutique.
 14331 | D:7      | Reached XP level 10. HP: 54/63 MP: 15/15
 14339 | D:7      | Reached * piety under Dithmenos
 14348 | D:7      | Reached skill level 5 in Shields
 14705 | D:7      | Got a scorched leather armour
 15950 | D:7      | Found a stormy altar of Qazlal.
 15987 | D:7      | Found a shimmering altar of Xom.
 16222 | D:7      | Learned a level 4 spell: Sticky Flame
 16633 | D:8      | Reached ** piety under Dithmenos
 16970 | D:8      | Found an ornate altar of the Wu Jian Council.
 17729 | D:9      | Noticed a skeletal warrior
 17729 | D:9      | Noticed Ladykiller69's ghost (journeyman HOGl)
 17733 | D:9      | Found a transporter.
 17773 | D:9      | Noticed a seven-headed hydra
 17854 | D:9      | Got a crude copper ring
 17856 | D:9      | Identified the ring "Qairuuk" {+Fly Str+4} (You found it on
                  | level 9 of the Dungeon)
 18001 | D:9      | Found a staircase to the Lair.
 18288 | D:9      | Found a glowing silver altar of Zin.
 18513 | D:9      | Found a transporter.
 18526 | D:9      | Found a snail-covered altar of Cheibriados.
 18767 | D:10     | Entered Level 10 of the Dungeon
 18892 | D:10     | Killed an unseen horror
 18893 | D:10     | Reached skill level 5 in Fighting
 18893 | D:10     | Reached XP level 11. HP: 22/71 MP: 10/17
 19144 | D:10     | Learned a level 1 spell: Summon Small Mammal
 19241 | D:10     | Reached *** piety under Dithmenos
 20038 | D:10     | Noticed a two-headed ogre
 20093 | D:9      | Killed a two-headed ogre
 20240 | D:9      | Killed a seven-headed hydra
 21058 | D:10     | Reached skill level 5 in Spellcasting
 22093 | D:6      | Found a staircase to the Ecumenical Temple.
 22443 | D:6      | Found Voreggi's Assorted Antiques.
 23065 | Lair:1   | Entered Level 1 of the Lair of Beasts
 23119 | Lair:1   | Reached skill level 5 in Poison Magic
 24853 | Lair:2   | Reached XP level 12. HP: 48/79 MP: 14/20
 25550 | Lair:2   | Found a staircase to the Snake Pit.
 26060 | Lair:2   | Identified the +6 leather armour "Dohotzut" {Harm rCorr}
                  | (You found it on level 7 of the Dungeon)
 26575 | Lair:3   | Learned a level 4 spell: Olgreb's Toxic Radiance
 26782 | Lair:3   | Noticed an eight-headed hydra
 26797 | Lair:3   | Killed an eight-headed hydra
 26922 | Lair:2   | Reached **** piety under Dithmenos
 28197 | Lair:4   | Found a staircase to the Shoals.
 28221 | Lair:4   | Noticed an eight-headed hydra
 28773 | Lair:4   | Reached XP level 13. HP: 41/86 MP: 16/22
 29134 | Lair:4   | Killed an eight-headed hydra
 30208 | Lair:5   | Noticed Urug
 30237 | Lair:5   | Reached skill level 10 in Stealth
 32652 | Lair:5   | Killed Urug
 33401 | Lair:6   | Entered Level 6 of the Lair of Beasts
 33402 | Lair:6   | Noticed a catoblepas
 33637 | Lair:5   | Reached skill level 10 in Dodging
 33788 | Lair:6   | Noticed a boulder beetle
 33803 | Lair:5   | Killed a boulder beetle
 34590 | Lair:5   | Reached XP level 14. HP: 79/94 MP: 5/24
 34780 | Lair:6   | Reached ***** piety under Dithmenos
 35864 | Lair:6   | Reached skill level 10 in Fire Magic
 37636 | Lair:6   | Found a staircase to the Slime Pits.
 38049 | Lair:6   | Noticed an entropy weaver
 38054 | Lair:6   | Noticed an entropy weaver
 38070 | Lair:6   | Killed an entropy weaver
 38071 | Lair:6   | Reached XP level 15. HP: 14/101 MP: 7/26
 38071 | Lair:6   | HP: 6/151 [entropy weaver (7)]
 38074 | Lair:6   | Mangled by an entropy weaver

Illustrated notes

Levels and vault maps discovered:
D:1:      lemuel_arrival_tunnels, layout_basic, serial_park_tiny_1
D:2:      layout_loops_cross, vehumet_crystals, grunt_gozag_statues,
          minmay_misc_feat_nine_boxes
D:3:      layout_loops_ring
D:4:      layout_rooms, elyvilon_altar_3, led_sif_book, gammafunk_ghost_split,
          minivault_24, kennysheep_slug_shrine
D:5:      layout_basic
D:6:      layout_layer_cave, minmay_temple_entry_antechambers, serial_shops,
          nicolae_shop_trees, minmay_three_doors, uniq_pikel
D:7:      layout_loops_corners, xom_teletrap_fun, kennysheep_mini_moat,
          enter_bailey_3, serial_shops, nicolae_shop_statue_plus,
          minmay_misc_feat_rugged, kb_rosetta
D:8:      layout_basic, pdpol_wu_jian_five_deadly_venoms, minivault_1,
          st_stairs_1
D:9:      layout_loops_ring, lemuel_round_altar, zin_statuary,
          dpeg_oklobed_lair, gammafunk_ghost_mausoleum
D:10:     layout_long_grid
Temple:   nicolae_temple_figure_eight
Lair:1:   layout_long_grid
Lair:2:   layout_gridlike, guppyfry_snake_entry_island, lemuel_old_faithful,
          lemuel_fruit_tree
Lair:3:   layout_chaotic_city, minmay_stone_trees_small
Lair:4:   layout_cave_pods, minmay_shoals_entry_beasts
Lair:5:   layout_loops_ring, grunt_megastairs_1, infiniplex_staircase_pool,
          uniq_urug
Lair:6:   hangedman_lair_caniforms_friends, layout_cave_shapes, wormcave,
          dpeg_slime_entry_corner, zaba_antful_of_joy

Skill      XL: |  1  2  3  4  5  6  7  8  9 10 11 12 13 14 |
---------------+-------------------------------------------+-----
Armour         | 1 2 3 4 5 6 7 |  7.0
Shields        | 1 2 3 4 5 |  5.6
Stealth        | 3 4 5 6 7 8 9 10 11 | 11.9
Fighting       | 1 2 3 4 5 6 7 8 9 |  9.1
Spellcasting   | 2 3 4 5 6 7 |  7.8
Dodging        | 3 4 5 6 8 9 10 11 | 11.1
Fire Magic     | 4 5 6 7 8 9 10 | 10.5
Poison Magic   | 2 3 5 6 8 9 |  9.2
Conjurations   | |  0.7

Action                   |  1- 3 |  4- 6 |  7- 9 | 10-12 | 13-15 || total
-------------------------+-------+-------+-------+-------+-------++-------
Melee: Club              |    73 |       |       |       |       ||    73
       Unarmed           |     9 |     3 |       |       |       ||    12
       Dagger            |    22 |    78 |   151 |       |       ||   251
       Short sword       |       |   123 |   322 |       |       ||   445
       Falchion          |       |       |    58 |   550 |   303 ||   911
Throw: Dart              |       |       |   112 |   185 |     8 ||   305
 Cast: Foxfire           |    51 |    19 |    10 |    76 |     2 ||   158
       Poisonous Vapours |       |       |     1 |   224 |   165 ||   390
       Summon Small Mamm |       |       |       |     8 |    23 ||    31
       Sticky Flame      |       |       |       |     3 |    19 ||    22
       Olgreb's Toxic Ra |       |       |       |     1 |    27 ||    28
       Ignite Poison     |       |       |       |       |    34 ||    34
       Inner Flame       |       |       |       |       |    22 ||    22
       Mephitic Cloud    |       |       |       |       |    11 ||    11
Evoke: Wand              |       |     7 |       |       |     1 ||     8
  Use: Scroll            |     1 |     6 |    11 |    15 |     7 ||    40
       Potion            |       |     4 |     4 |     1 |     2 ||    11
 Stab: Sleeping          |     2 |     3 |     6 |    11 |     2 ||    24
       Distracted        |     1 |       |     1 |     1 |     3 ||     6
       Invisible         |       |       |     2 |       |       ||     2
       Confused          |       |       |       |       |     5 ||     5
Armor: Robe              |    19 |       |       |       |       ||    19
       Ring mail         |     3 |    27 |    59 |   174 |   136 ||   399
       Skin              |       |    37 |       |       |       ||    37
       Leather armour    |       |    26 |    68 |       |       ||    94
Dodge: Dodged            |    68 |   124 |   449 |   827 |   649 ||  2117
       Repelled          |     1 |     1 |       |     1 |       ||     3
Block: Buckler           |    19 |    57 |   173 |   332 |   234 ||   815
       Rpst.: Falchion   |       |       |    33 |   239 |   152 ||   424
